 Dungeon Crawl Stone Soup version 0.21-a0-504-g2eda330 (webtiles) character file.

44 slep the Skirmisher (level 3, -5/29 HPs)
             Began as a Demonspawn Monk on Nov 26, 2017.
             Slain by an ice beast (12 damage)
             ... on level 2 of the Dungeon.
             The game lasted 00:04:13 (856 turns).

slep the Skirmisher (Demonspawn Monk)                Turns: 856, Time: 00:04:13

Health: -5/29      AC:  5    Str: 12    XL:     3   Next: 39%
Magic:  3/3        EV: 13    Int: 11    God:
Gold:   62         SH:  0    Dex: 17    Spells: 2/2 levels left

rFire    . . .     SeeInvis .   a - +0 spear
rCold    . . .     Gourm    .   (no shield)
rNeg     . . .     Faith    .   e - +0 leather armour
rPois    .         Spirit   .   h - +2 hat
rElec    .         Reflect  .   (no cloak)
rCorr    .         Harm     .   (no gloves)
MR       .....                  (no boots)
Stlth    +++.......             (no amulet)
HPRegen  0.09/turn              (no ring)
MPRegen  0.08/turn              (no ring)

@: no status effects
A: claws 1, thin skeletal structure 1
a: no special abilities


You were on level 2 of the Dungeon.
You were not hungry.

You visited 1 branch of the dungeon, and saw 2 of its levels.

You collected 62 gold pieces.

Inventory:

Hand Weapons
 a - a +0 spear (weapon)
Armour
 b - a +0 robe
 e - a +0 leather armour (worn)
 h - a +2 hat (worn)
Scrolls
 d - 2 scrolls of amnesia {unknown}
 g - 2 scrolls of teleportation {unknown}
 i - a scroll of immolation {unknown}
Comestibles
 c - 2 bread rations
 f - 5 fruits


   Skills:
 + Level 3.3 Fighting
 + Level 3.2 Polearms
 + Level 0.2 Armour
 + Level 2.9 Dodging
 + Level 2.3 Stealth


You had 2 spell levels left.
You didn't know any spells.

Dungeon Overview and Level Annotations

Branches:
Dungeon (2/15)

Altars:


Innate Abilities, Weirdness & Mutations

You have sharp fingernails.
You have a somewhat thin skeletal structure. (Dex +2, Stealth)


Message History

The ice beast is lightly wounded.
You hit the ice beast.
The ice beast is lightly wounded.
The ice beast hits you. The ice beast freezes you.
You hit the ice beast but do no damage.
The ice beast is lightly wounded.
The ice beast barely misses you.
You hit the ice beast.
The ice beast is lightly wounded.
The ice beast completely misses you.
You hit the ice beast but do no damage.
The ice beast is lightly wounded.
The ice beast hits you. The ice beast freezes you!
* * * LOW HITPOINT WARNING * * *
You barely miss the ice beast.
The ice beast is lightly wounded.
The ice beast hits you.
* * * LOW HITPOINT WARNING * * *
The ice beast freezes you!
You die...

.... #.......#
.....###...#.#.#
...............#
..^..##...#.#..#
###........#.#..#
...%...........#
# #..#....?.....#
#.#..#..=###Y####
.........###@#
.##.<....##.#
##.#.......#
#.....#.####
##..####.#
#...####.#
#........#
#...######
#...#######


You could see an ice beast.

Vanquished Creatures
  A worm (D:2)
  2 dart slugs (D:1)
  4 bats
  4 giant cockroaches (D:1)
  4 goblins
  5 hobgoblins
  4 jackals (D:1)
  A kobold (D:2)
  A quokka (D:2)
  A ball python (D:2)
  2 frilled lizards (D:1)
  3 rats
32 creatures vanquished.

Notes
Turn   | Place    | Note
-------+----------+-------------------------------------------
     0 | D:1      | slep the Demonspawn Monk began the quest for the Orb.
     0 | D:1      | Reached XP level 1. HP: 18/18 MP: 1/1
   125 | D:1      | Gained mutation: You have a somewhat thin skeletal structure. (Dex +2, Stealth) [demonic ancestry]
   125 | D:1      | Reached XP level 2. HP: 20/24 MP: 2/2
   559 | D:1      | Gained mutation: You have sharp fingernails. [demonic ancestry]
   559 | D:1      | Reached XP level 3. HP: 29/29 MP: 3/3
   838 | D:2      | Noticed an ice beast
   856 | D:2      | Slain by an ice beast

Vault maps used:
D:1:      dpeg_arrival_pits, minmay_tromino_v4_a
D:2:      gammafunk_temple_overflow_arena, glass_columns_a

Skill      XL: |  1  2 |
---------------+-------+-----
Polearms       | 3 |  3.2
Stealth        | 2 |  2.3
Fighting       | |  3.3
Armour         | |  0.2
Dodging        | |  2.9

Action                   || total
-------------------------++-------
Melee: Spear             ||   147
 Stab: Sleeping          ||    11
Armor: Robe              ||     9
       Leather armour    ||    16
Dodge: Dodged            ||    72

Table legend:
 A = Spawn XP
 B = Non-spawn XP
 C = Spawn XP percentage of total XP
 D = Spawn monster count
 E = Non-spawn monster count
 F = Spawn count percentage of total count
 G = Total turns spent on level
                    A         B        C        D         E        F      G
               +---------+---------+-------+---------+---------+-------+---------
         Total |       0 |      63 |   0.0 |       0 |      32 |   0.0 |   856
               +---------+---------+-------+---------+---------+-------+---------
           D:1 |       0 |      44 |   0.0 |       0 |      22 |   0.0 |   695
           D:2 |       0 |      19 |   0.0 |       0 |      10 |   0.0 |   161
               +---------+---------+-------+---------+---------+-------+---------
